 Dungeon Crawl Stone Soup version 0.23-a0-8-gb809bb70e4 (webtiles) character file.

8899 IcyTea the Destroyer (level 11, -16/82 HPs)
             Began as a Black Draconian Conjurer on Aug 1, 2018.
             Was a High Priest of Dithmenos.
             Demolished by Urug
             ... wielding a +2 glaive of venom
              (30 damage)
             ... on level 2 of the Orcish Mines.
             The game lasted 00:57:03 (12843 turns).

IcyTea the Destroyer (Black Draconian Conjurer)    Turns: 12843, Time: 00:57:04

Health: -16/82     AC: 10    Str: 11    XL:     11   Next: 16%
Magic:  14/23      EV: 12    Int: 20    God:    Dithmenos [*****.]
Gold:   560        SH:  0    Dex: 12    Spells: 16/26 levels left

rFire    . . .     SeeInvis .   k - +3 quarterstaff (chaos)
rCold    . . .     Gourm    .   (shield currently unavailable)
rNeg     + . .     Faith    .   (armour unavailable)
rPois    .         Spirit   .   (helmet restricted)
rElec    +         Reflect  .   l - +1 cloak
rCorr    .         Harm     +   c - +0 pair of gloves
MR       .....                  (no boots)
Stlth    ++++......             n - amulet of harm
HPRegen  0.23/turn              (no ring)
MPRegen  0.18/turn              r - ring of positive energy

@: hasted, wreathed by umbra, very quick
A: breathe lightning, unfitting armour, hooves 1, stinger 1, clever 1,
electricity resistance, wild magic 1, cold-blooded, AC +7
a: Breathe Lightning, Shadow Step, Shadow Form, Renounce Religion


You were on level 2 of the Orcish Mines.
You worshipped Dithmenos.
Dithmenos was extremely pleased with you.
You were not hungry.

You visited 3 branches of the dungeon, and saw 12 of its levels.

You collected 560 gold pieces.

Inventory:

Hand Weapons
 k - a +3 quarterstaff of chaos (weapon)
Armour
 c - a +0 pair of gloves (worn)
 l - a +1 cloak (worn)
Jewellery
 e - an uncursed ring of fire
 n - an amulet of harm (around neck)
 r - a ring of positive energy (right hand)
Wands
 m - a wand of digging (16)
 p - a wand of random effects (23)
Scrolls
 a - 7 scrolls of identify
 h - 2 scrolls of enchant armour
 q - a scroll of fear
 s - 2 scrolls of enchant weapon
 t - a scroll of fog
 u - a scroll of magic mapping
Potions
 f - 2 potions of curing
 g - 3 potions of lignification
 o - a potion of might
Comestibles
 b - 24 rations


   Skills:
 - Level 3.1 Fighting
 - Level 8.0 Staves
 - Level 1.7 Dodging
 - Level 5.5 Stealth
 - Level 8.0 Spellcasting
 + Level 10.6 Conjurations
 - Level 1.4 Hexes
 - Level 6.0 Invocations


You had 16 spell levels left.
You knew the following spells:

 Your Spells              Type           Power        Failure   Level  Hunger
a - Magic Dart            Conj           ####         1%          1    None
b - Searing Ray           Conj           ######       1%          2    None
c - Dazzling Spray        Conj/Hex       #####.       4%          3    None
d - Iskenderun's Mystic   Conj           ######..     2%          4    ###....

Your spell library contained the following spells:

 Spells                   Type           Power        Failure   Level  Hunger
 Fulminant Prism          Conj/Hex       #####.....   11%         4    ###....
 Force Lance              Conj/Tloc      #####...     14%         4    ###....


Dungeon Overview and Level Annotations

Branches:
Dungeon (9/15)             Temple (1/1) D:4             Orc (2/2) D:9
   Lair: D:8-11         Elf: Orc:2

Altars:
Ashenzari
Cheibriados
Dithmenos
Elyvilon
Fedhas
Gozag
Hepliaklqana
Kikubaaqudgha
Makhleb
Nemelex Xobeh
Okawaru
Qazlal
Ru
Sif Muna
Trog
Uskayaw
Vehumet
Wu Jian
Xom
Yredelemnul
Zin
The Shining One

Annotations:
Orc:2 Urug


Innate Abilities, Weirdness & Mutations

You can breathe wild blasts of lightning.
Your glossy black scales are hard. (AC +7)
You cannot fit into any form of body armour.
You are resistant to electric shocks. (rElec)
You are cold-blooded and may be slowed by cold attacks.
You have large cloven feet.
Your tail ends in a poisonous barb.
Your mind is acute. (Int +2)
Your spells are a little harder to cast, but a little more powerful.


Message History

Aiming: Dazzling Spray (safe; 4% risk of failure)
Press: ? - help, Shift-Dir - straight line, f/p - Urug
Aim: Urug, wielding a glaive of venom and wearing a chain mail (lightly wounded, umbra)
The spray of energy hits Urug.
Urug is lightly wounded.
Urug is dazzled.
You feel sick.
You hit Urug but do no damage.
Urug is poisoned.
Your kick misses Urug.
Urug is lightly wounded.
You feel sick. Urug hits you with a glaive of venom!!
* * * LOW HITPOINT WARNING * * *
You are more poisoned.
You feel better. Urug barely misses you.
You hit Urug. You freeze Urug.
Urug is lightly wounded.
Urug hits you with a glaive of venom!!
* * * LOW HITPOINT WARNING * * *
Okay, then.
You feel yourself speed up.
Urug hits you from afar with a glaive of venom!!
You die...

...............
#......#........
.$..............
....................
.....................
.....................
......#............#
........@..........#
#.................##
##....o.#.........$.
#.........(........
#..........<..#...
#..#........(.....#
#........#.......##
..................#
..............#.....


You could see Urug (blind).

Vanquished Creatures
  Erica (D:9)
  An orc sorcerer (Orc:1)
  An orc knight (Orc:1)
  Grinder (D:3)
  Sigmund (D:6)
  12 yaks
  2 hogs (D:7)
  A human (D:7)
  Edmund (D:4)
  A warg (D:9)
  2 water moccasins
  2 ice beasts
  2 black bears
  2 phantoms
  4 orc warriors
  3 sky beasts
  8 ogres
  3 centaurs
  A big kobold (D:8)
  A gnoll sergeant (D:9)
  6 bullfrogs
  3 scorpions
  6 killer bees (D:9)
  5 crimson imps
  3 jellies
  2 bullfrog zombies
  6 hounds
  Crazy Yiuf (D:3)
  A gnoll shaman (D:7)
  2 orc priests
  3 bullfrog skeletons
  2 centaur skeletons
  6 orc wizards
  Terence (D:3)
  3 iguanas
  11 worker ants
  13 gnolls
  13 adders
  3 shadow imps
  5 worms
  A dart slug (D:1)
  4 leopard geckos
  29 orcs
  9 bats
  5 giant cockroaches
  8 goblins
  10 hobgoblins
  17 jackals
  12 kobolds
  3 quokkas
  2 ball pythons
  6 frilled lizards
  A leopard gecko skeleton (D:6)
  A quokka skeleton (D:4)
  6 rats
259 creatures vanquished.

Vanquished Creatures (others)
  A hound zombie (D:8)
1 creature vanquished.

Grand Total: 260 creatures vanquished

Notes
Turn   | Place    | Note
-------+----------+-------------------------------------------
     0 | D:1      | IcyTea the Draconian Conjurer began the quest for the Orb.
     0 | D:1      | Reached XP level 1. HP: 14/14 MP: 3/3
    50 | D:1      | Found a shattered altar of Ashenzari.
   376 | D:1      | Reached XP level 2. HP: 14/20 MP: 1/5
  1235 | D:1      | Learned a level 2 spell: Searing Ray
  1337 | D:1      | Reached skill level 5 in Conjurations
  1370 | D:1      | Reached XP level 3. HP: 26/26 MP: 4/6
  2053 | D:2      | Reached XP level 4. HP: 33/33 MP: 3/8
  2058 | D:2      | Learned a level 3 spell: Dazzling Spray
  2147 | D:2      | Found a faded altar of an unknown god.
  2169 | D:2      | Became a worshipper of Dithmenos the Shadowed
  2169 | D:2      | Reached * piety under Dithmenos
  2911 | D:3      | Reached XP level 5. HP: 31/38 MP: 4/9
  2917 | D:3      | Learned a level 4 spell: Iskenderun's Mystic Blast
  3044 | D:3      | Noticed Terence
  3095 | D:3      | Killed Terence
  3095 | D:3      | Reached skill level 6 in Conjurations
  3257 | D:3      | Reached ** piety under Dithmenos
  3297 | D:3      | Found a runed door.
  3301 | D:3      | Noticed Crazy Yiuf
  3305 | D:3      | Killed Crazy Yiuf
  3305 | D:3      | Reached skill level 1 in Hexes
  3625 | D:3      | Noticed Grinder
  3628 | D:3      | Paralysed by Grinder for 2 turns
  3637 | D:3      | Killed Grinder
  3637 | D:3      | Reached skill level 7 in Conjurations
  3637 | D:3      | Reached XP level 6. HP: 15/45 MP: 0/10
  4271 | D:4      | Reached skill level 8 in Conjurations
  4271 | D:4      | Your scales start taking on a glossy black colour.
  4271 | D:4      | Reached XP level 7. HP: 32/50 MP: 3/11
  4271 | D:4      | Gained mutation: You are resistant to electric shocks. (rElec) [Black Draconian growth]
  4724 | D:4      | Found a staircase to the Ecumenical Temple.
  4772 | Temple   | Entered the Ecumenical Temple
  5475 | D:4      | Noticed Edmund
  5503 | D:4      | Killed Edmund
  5503 | D:4      | Reached skill level 9 in Conjurations
  5806 | D:4      | Reached skill level 1 in Staves
  6067 | D:4      | Reached XP level 8. HP: 50/57 MP: 2/12
  6215 | D:5      | Entered Level 5 of the Dungeon
  6335 | D:4      | Reached skill level 5 in Staves
  6598 | D:5      | Found a sacrificial altar of Ru.
  6604 | D:5      | Reached *** piety under Dithmenos
  6791 | D:5      | Found a shadowy altar of Dithmenos.
  6823 | D:5      | Reached skill level 1 in Invocations
  7062 | D:5      | Reached skill level 1 in Fighting
  7225 | D:6      | Noticed Sigmund
  7234 | D:6      | Killed Sigmund
  7263 | D:6      | Found a burning altar of Makhleb.
  7470 | D:6      | Reached XP level 9. HP: 69/69 MP: 10/15
  7512 | D:6      | Noticed a two-headed ogre
  8055 | D:6      | Reached skill level 10 in Conjurations
  8309 | D:6      | Reached skill level 5 in Spellcasting
  8884 | D:6      | Found a stormy altar of Qazlal.
  8886 | D:6      | Found a sacrificial altar of Ru.
  8886 | D:6      | Found a glowing golden altar of the Shining One.
  8887 | D:6      | Found a shattered altar of Ashenzari.
  8889 | D:6      | Found a glowing silver altar of Zin.
  8891 | D:6      | Found a blossoming altar of Fedhas.
  9171 | D:7      | Reached **** piety under Dithmenos
  9529 | D:7      | Reached XP level 10. HP: 77/77 MP: 16/22
  9795 | D:7      | Reached skill level 5 in Invocations
 10065 | D:7      | Found a deep blue altar of Sif Muna.
 10171 | D:7      | Found a white marble altar of Elyvilon.
 10964 | D:9      | Noticed Erica
 10983 | D:9      | Killed Erica
 10983 | D:9      | Reached skill level 5 in Stealth
 11322 | D:9      | Found a staircase to the Orcish Mines.
 11397 | D:9      | Gained mutation: You are resistant to hostile enchantments. (MR+) [potion of mutation]
 11397 | D:9      | Gained mutation: You are somewhat resistant to further mutation. [potion of mutation]
 11398 | D:9      | Lost mutation: You are resistant to hostile enchantments. (MR+) [potion of mutation]
 11398 | D:9      | Lost mutation: You are somewhat resistant to further mutation. [potion of mutation]
 11398 | D:9      | Gained mutation: You have large cloven feet. [potion of mutation]
 11398 | D:9      | Gained mutation: Your spells are a little harder to cast, but a little more powerful. [potion of mutation]
 11398 | D:9      | Gained mutation: Your mind is acute. (Int +2) [potion of mutation]
 11398 | D:9      | Gained mutation: Your tail ends in a poisonous barb. [potion of mutation]
 11495 | D:9      | Reached ***** piety under Dithmenos
 11645 | D:9      | Reached XP level 11. HP: 82/82 MP: 23/23
 11872 | Orc:1    | Entered Level 1 of the Orcish Mines
 11872 | Orc:1    | Noticed an orc sorcerer
 11873 | Orc:1    | Noticed an orc knight
 11879 | Orc:1    | Killed an orc sorcerer
 12381 | Orc:1    | Killed an orc knight
 12711 | Orc:2    | Entered Level 2 of the Orcish Mines
 12711 | Orc:2    | Noticed Urug
 12843 | Orc:2    | Demolished by Urug

Vault maps used:
D:1:      ncdulo_watergridlock, ashenzari_altar_1
D:2:      chequers_ecumenical_altar_island, minmay_pentomino_o2
D:3:      uniq_grinder, uniq_terence, uniq_crazy_yiuf_cottage
D:4:      minmay_temple_entry_large_hall, first_ration, uniq_edmund
D:5:      grunt_dithmenos_shadows, nicolae_ru_great_annihilating_truth
D:6:      lemuel_doored_altar, minitemple, glass_columns_a, minivault_26,
          uniq_sigmund
D:7:      old_standard_altar, grunt_livestock, led_sif_pool
D:8:      minmay_fountain_box, kennysheep_generic_room_12
D:9:      david_orc_2, dk_noncrumbling_3, uniq_erica
Temple:   nicolae_temple_figure_eight
Orc:1:    basic_altar
Orc:2:    grunt_orc_community_town_hall, grunt_orc_community_big_house_1,
          grunt_orc_community_big_house_1, grunt_orc_community_house_2,
          grunt_orc_community_house_3, grunt_orc_community_house_1,
          grunt_orc_community_house_3, grunt_orc_community_house_1,
          grunt_orc_community_house_3, basic_altar, uniq_urug, uniq_azrael

Skill      XL: |  1  2  3  4  5  6  7  8  9 10 11 |
---------------+----------------------------------+-----
Conjurations   | 5 7 8 9 10 | 10.6
Spellcasting   | 3 4 8 |  8.0
Hexes          | 1 |  1.4
Staves         | 2 5 7 8 |  8.0
Invocations    | 2 6 |  6.0
Fighting       | 3 |  3.1
Stealth        | 5 |  5.5
Dodging        | |  1.7

Action                   |  1- 3 |  4- 6 |  7- 9 | 10-12 || total
-------------------------+-------+-------+-------+-------++-------
Melee: Dagger            |    67 |       |       |       ||    67
       Tailslap          |     5 |     9 |    19 |    19 ||    52
       Spear             |       |    45 |       |       ||    45
       Quarterstaff      |       |    16 |   161 |   140 ||   317
       Kick              |       |       |       |     6 ||     6
 Cast: Magic Dart        |    61 |    77 |   113 |    90 ||   341
       Searing Ray       |     5 |    10 |    33 |    18 ||    66
       Iskenderun's Myst |       |     1 |     3 |     4 ||     8
       Dazzling Spray    |       |       |       |     3 ||     3
Invok: Shadow Step       |       |       |       |     1 ||     1
 Abil: Breathe Lightning |       |       |     2 |       ||     2
  Use: Scroll            |     2 |     1 |     3 |     9 ||    15
       Potion            |       |     1 |     5 |     6 ||    12
 Stab: Paralysed         |       |       |     1 |     5 ||     6
       Confused          |       |       |     1 |       ||     1
       Sleeping          |       |       |     1 |       ||     1
       Petrified         |       |       |       |     1 ||     1
  Eat: Chunk             |     5 |     7 |    19 |    10 ||    41
Armor: Skin              |    33 |    20 |    75 |    70 ||   198
Dodge: Dodged            |    69 |    83 |   195 |   143 ||   490

Table legend:
 A = Spawn XP
 B = Non-spawn XP
 C = Spawn XP percentage of total XP
 D = Spawn monster count
 E = Non-spawn monster count
 F = Spawn count percentage of total count
 G = Total turns spent on level
                    A         B        C        D         E        F      G
               +---------+---------+-------+---------+---------+-------+---------
         Total |       0 |   12714 |   0.0 |       0 |     260 |   0.0 | 12843
               +---------+---------+-------+---------+---------+-------+---------
           D:1 |       0 |      42 |   0.0 |       0 |      22 |   0.0 |  1594
           D:2 |       0 |      93 |   0.0 |       0 |      23 |   0.0 |  1155
           D:3 |       0 |     500 |   0.0 |       0 |      41 |   0.0 |  1387
           D:4 |       0 |     945 |   0.0 |       0 |      27 |   0.0 |  2079
           D:5 |       0 |    1019 |   0.0 |       0 |      23 |   0.0 |  1124
           D:6 |       0 |    1866 |   0.0 |       0 |      21 |   0.0 |  1181
           D:7 |       0 |    2411 |   0.0 |       0 |      31 |   0.0 |  1615
           D:8 |       0 |     980 |   0.0 |       0 |      18 |   0.0 |   548
           D:9 |       0 |    3634 |   0.0 |       0 |      43 |   0.0 |  1766
         Orc:1 |       0 |    1224 |   0.0 |       0 |      11 |   0.0 |   191
               +---------+---------+-------+---------+---------+-------+---------
